details: 'Clan GGL gets raped'

« prev index next »

General information

Mini Map

Players

team 1
UndeadzA.FierCe (red | 28 APM | 7 actions | 00:14)

» actions
Basic commands3
Select / deselect2
Use ability2
7 total
Random» OrcNondescript1 (green | 21 APM | 16 actions | 00:45)

» actions
Build / train3
Enter build submenu2
Right click2
Select / deselect7
Use ability2
16 total
» units
Peon3
3 total
» buildings
Altar of Storms1
Orc Burrow1
2 total
» build order
00:09 Altar of Storms
00:23 Orc Burrow
UndeadSKYRIM-OWNS-U (orange | 10 APM | 11 actions | 01:03)

» actions
Build / train2
Right click3
Select / deselect6
11 total
» units
Acolyte2
2 total
Random» Undeadty_the_titan (pink | 19 APM | 17 actions | 00:53)

» actions
Build / train1
Enter build submenu4
Right click3
Select / deselect7
Use ability2
17 total
» units
Acolyte1
1 total
» buildings
Ziggurat1
Altar of Darkness1
2 total
» build order
00:24 Ziggurat
00:30 Altar of Darkness
team 2
Random» UndeadHownow-Jz (teal | 18 APM | 19 actions | 01:04)

» actions
Build / train2
Enter build submenu3
Right click6
Select / deselect5
Use ability3
19 total
» units
Acolyte2
2 total
» buildings
Altar of Darkness1
Ziggurat1
Crypt1
3 total
» build order
00:09 Altar of Darkness
00:12 Ziggurat
00:17 Crypt
Random» Undeaddota.uri (yellow | 35 APM | 38 actions | 01:04)

» actions
Build / train2
ESC pressed1
Enter build submenu6
Right click10
Select / deselect14
Use ability5
38 total
» units
Acolyte2
2 total
» buildings
Altar of Darkness2
Crypt1
Ziggurat1
4 total
» build order
00:09 Altar of Darkness
00:13 Crypt
00:18 Ziggurat
00:46 Altar of Darkness
Random» Undeadcanonexpress (blue | 19 APM | 20 actions | 01:04)

» actions
Basic commands1
Build / train3
Enter build submenu3
Right click4
Select / deselect6
Use ability3
20 total
» units
Acolyte3
3 total
» buildings
Crypt1
Ziggurat1
Altar of Darkness1
3 total
» build order
00:24 Crypt
00:31 Ziggurat
00:51 Altar of Darkness
HumanFruitdealer (purple | 30 APM | 33 actions | 01:05)

» actions
Build / train4
Enter build submenu3
Right click15
Select / deselect8
Use ability3
33 total
» units
Peasant4
4 total
» buildings
Altar of Kings1
Barracks1
Farm1
3 total
» build order
00:03 Altar of Kings
00:10 Barracks
00:14 Farm

Chat log

(00:04 / All) zA.FierCe: D
(00:04 / All) zA.FierCe: DD
(00:14 / All) zA.FierCe: afk
(00:25 / Allies) Hownow-Jz: lol
(00:31 / All) Fruitdealer: lmao
(00:37 / All) Fruitdealer: ggl's leader just got raped
(00:48 / All) Fruitdealer: RAPE
(00:51 / Allies) dota.uri: gg
(00:54 / All) Fruitdealer: GGL'S LEADER WAS RAPED
(01:00 / All) Fruitdealer: CLAN GGL SUCKS COCK